 Dungeon Sprint DCSS version 0.24.1 (webtiles) character file.

Game seed: 14458573328867103341, levelgen mode: deterministic

18638 Groucho the Spry (level 12, -12/70 HPs)
             Began as a Spriggan Enchanter on Apr 7, 2020.
             Was the Champion of Dithmenos.
             Mangled by a fire giant
             ... wielding a +3 great sword of flaming
              (22 damage)
             ... in the Dungeon (Sprint I: "Red Sonja").
             The game lasted 00:21:39 (5415 turns).

Groucho the Spry (Spriggan Enchanter)               Turns: 5415, Time: 00:21:39

Health: -12/70     AC:  4    Str:  4    XL:     12   Next: 29%
Magic:  16/31      EV: 31    Int: 17    God:    Dithmenos [******]
Gold:   323        SH:  0    Dex: 14    Spells: 24/46 levels left

rFire    + + .     SeeInvis +   m - +0 rapier (speed)
rCold    . . .     Gourm    .   (shield restricted)
rNeg     + . .     Faith    .   k - +2 robe "Guvucs" {+Blink rF++ rN+ Str-3}
rPois    .         Spirit   .   (helmet restricted)
rElec    .         Reflect  .   (no cloak)
rCorr    .         Harm     .   (gloves unavailable)
MR       ++...     Rnd*Rage +   (boots unavailable) Stlth ++++++++++NoTele +
                                (no amulet)
HPRegen  0.21/turn              (no ring)
MPRegen  0.22/turn              (no ring)

@: wreathed by umbra, very quick
A: very small, unfitting armour, see invisible, berserk 2, clumsy 2, herbivore,
speed 3, low mp 1, slow metabolism 2
a: Shadow Step, Shadow Form, Renounce Religion, Evoke Blink


You were in the Dungeon.
You worshipped Dithmenos.
Dithmenos was exalted by your worship.
You were not hungry.

You visited 1 branch You collected 2289 gold pieces.
You spent 1966 gold pieces at shops.

Inventory:

Hand Weapons
 a - a +1 dagger
 g - a +0 rapier
 m - a +0 rapier of speed (weapon)
 n - the +2 hand crossbow of Traps {freeze, rC+ MR++}
   (You found it in the Dungeon)

   It causes projectiles fired from it to freeze those they strike, causing
   extra injury to most foes and up to half again as much damage against
   particularly susceptible opponents.
   They can also slow down cold-blooded creatures.
   It protects you from cold.
   It affects your resistance to hostile enchantments.
Armour
 b - a +0 robe
 k - the +2 robe "Guvucs" (worn) {+Blink rF++ rN+ Str-3}
   (You bought it in a shop in the Dungeon)

   It affects your strength (-3).
   It greatly protects you from fire.
   It protects you from negative energy.
   It lets you blink.
Jewellery
 f - an uncursed ring of protection from cold
Wands
 c - a wand of acid (6)
 i - a wand of paralysis (9)
 j - a wand of digging (3)
Scrolls
 o - 4 scrolls of remove curse
Potions
 h - 2 potions of magic
 l - a potion of ambrosia {unknown}
Comestibles
 d - 3 rations


   Skills:
 + Level 11.3 Fighting
 - Level 14.0 Short Blades
 + Level 17.9 Dodging
 - Level 15.3 Stealth
 + Level 17.7 Spellcasting
 - Level 14.0 Hexes
 + Level 8.8 Translocations


You had 24 spell levels left.
You knew the following spells:

 Your Spells              Type           Power        Failure   Level  Hunger
a - Corona                Hex            ######.      0%          1    None
b - Ensorcelled Hibernat  Hex/Ice        #####.       1%          2    None
c - Confuse               Hex            ######..     1%          3    None
d - Dazzling Spray        Conj/Hex       #####.       1%          3    None
e - Tukima's Dance        Hex            ######..     1%          3    None
f - Portal Projectile     Hex/Tloc       ######       1%          3    None
g - Lesser Beckoning      Tloc           #####.....   1%          3    None
h - Passage of Golubria   Tloc           N/A          1%          4    None

Your spell library contained the following spells:

 Spells                   Type           Power        Failure   Level  Hunger
 Ignite Poison            Fire/Tmut/Pois ###.....     12%         3    None
 Fireball                 Conj/Fire      ###.......   71%         5    ###....
 Bolt of Fire             Conj/Fire      ###.......   99%         6    #####..
 Ring of Flames           Chrm/Fire      ###.......   100%        7    ######.
 Disjunction              Tloc           #####.....   100%        8    #######
 Ignition                 Fire           ###.......   100%        8    #######


Dungeon Overview and Level Annotations

Branches:
Dungeon (1/1)

Altars:
Cheibriados
Dithmenos
Elyvilon
Fedhas
Gozag
Hepliaklqana
Kikubaaqudgha
Makhleb
Nemelex Xobeh
Okawaru
Qazlal
Ru
Sif Muna
Trog
Uskayaw
Vehumet
Wu Jian
Xom
Yredelemnul
Zin
The Shining One
Jiyva
Lugonu

Shops:
D [[%*:%}(*(*::*([}([[[?


Innate Abilities, Weirdness & Mutations

You are very small and have problems with some larger weapons.
You are too small for most types of armour.
You have supernaturally acute eyesight. (SInv)
You are a herbivore.
You cover ground extremely quickly.
You need to consume almost no food.
You often lose your temper in combat.
You are very clumsy. (Dex -4)
Your magical capacity is low. (-10% MP)


Message History

The fire giant resists with almost no effort.
The fire giant completely misses you. x2
Casting: Ensorcelled Hibernation (safe; 1% risk of failure)
Confirm with . or Enter, or press ? or * to list all spells.
Aiming: Dazzling Spray (safe; 1% risk of failure)
Press: ? - help, Shift-Dir - straight line, f/p - fire giant
Aim: a fire giant, wielding a +3 great sword of flaming (lightly wounded, umbra)
The spray of energy hits the fire giant.
The fire giant is lightly wounded.
Your shadow mimicks your spell!
The shadow shard hits the fire giant.
The fire giant completely misses you.
The fire giant hits you with a +2 great sword of flaming!!!
Ouch! That really hurt!
* * * LOW HITPOINT WARNING * * *
You emit a cloud of dark smoke.
The fire giant burns you.
* * * LOW HITPOINT WARNING * * *
Unknown command.
You feel better.
The fire giant hits you with a +3 great sword of flaming!!
You die...

.'..[..')∩##.# ##...#
.###.#######.# ###.#
###.......##§# #.# #
#.....§..§§# #.# #'''######.#
####'# #......§§#.#####
###....#
###.....§§#§.#$!$#####...####
}.......§§####$C...)...###
.......§≈§##($!§@§.####
......≈≈≈###[%.C§.##
#..≈≈≈≈### #[....##
'######'####$$$$$#
########∩∩########
∩∩∩∩∩∩∩∩∩###≈≈≈≈≈≈ ##########
####### #..0..+


You could see 2 fire giants.

Vanquished Creatures
  A daeva (D)
  2 fire giants (D)
  2 centaur warriors (D)
  A hydra (D)
  Sonja (D)
  A lindwurm (D)
  A deep troll (D)
  7 unseen horrors (D)
  4 shining eyes (D)
  An oklob plant (D)
  2 kobold demonologists (D)
  4 demonic crawlers (D)
  A hornet (D)
  A slime creature (D)
  2 redbacks (D)
  Sigmund (D)
  13 hogs (D)
  A yak (D)
  6 floating eyes (D)
  7 necrophages (D)
  An ogre (D)
  8 jellies (D)
  Ijyb (D)
69 creatures vanquished.

Vanquished Creatures (others)
  A gargoyle (D)
1 creature vanquished.

Grand Total: 70 creatures vanquished

Notes
Turn   | Place    | Note
-------+----------+-------------------------------------------
     0 | D        | Groucho the Spriggan Enchanter began the quest for the Orb.
     0 | D        | Reached XP level 1. HP: 9/9 MP: 5/5
     2 | D        | Noticed Ijyb
    14 | D        | Killed Ijyb
    14 | D        | Reached skill level 5 in Hexes
    14 | D        | Reached XP level 2. HP: 12/13 MP: 6/8
   320 | D        | Noticed an ogre
   322 | D        | Killed an ogre
   322 | D        | Reached skill level 10 in Stealth
   322 | D        | Reached XP level 3. HP: 16/16 MP: 8/11
   322 | D        | Reached XP level 4. HP: 21/21 MP: 9/13
   325 | D        | Noticed Sigmund
   327 | D        | Killed Sigmund
   327 | D        | Reached XP level 5. HP: 24/24 MP: 10/16
   346 | D        | Learned a level 2 spell: Ensorcelled Hibernation
   350 | D        | Learned a level 3 spell: Confuse
   354 | D        | Learned a level 3 spell: Dazzling Spray
   364 | D        | Found a shimmering blue altar of Sif Muna.
   365 | D        | Found an ornate altar of the Wu Jian Council.
   366 | D        | Found a radiant altar of Vehumet.
   370 | D        | Reached XP level 6. HP: 28/28 MP: 12/18
   381 | D        | Found Jaoche's General Store.
   381 | D        | Found an ancient bone altar of Kikubaaqudgha.
   381 | D        | Found a hazy altar of Hepliaklqana.
   381 | D        | Found a stormy altar of Qazlal.
   381 | D        | Found a hide-covered altar of Uskayaw.
   381 | D        | Found a blossoming altar of Fedhas.
   381 | D        | Found a bloodstained altar of Trog.
   381 | D        | Found an iron altar of Okawaru.
   381 | D        | Found a basalt altar of Yredelemnul.
   381 | D        | Found a glowing golden altar of the Shining One.
   381 | D        | Found a snail-covered altar of Cheibriados.
   381 | D        | Found a sacrificial altar of Ru.
   381 | D        | Found a glowing silver altar of Zin.
   381 | D        | Found a shadowy altar of Dithmenos.
   381 | D        | Found a white marble altar of Elyvilon.
   381 | D        | Noticed a yak
   382 | D        | Found an opulent altar of Gozag.
   383 | D        | Killed a yak
   383 | D        | Reached skill level 15 in Stealth
   384 | D        | Found a sparkling altar of Nemelex Xobeh.
   392 | D        | Became a worshipper of Dithmenos the Shadowed
   427 | D        | Found a viscous altar of Jiyva.
   427 | D        | Found a corrupted altar of Lugonu.
   427 | D        | Noticed a slime creature
   428 | D        | Found a burning altar of Makhleb.
   428 | D        | Found a shimmering altar of Xom.
   430 | D        | Killed a slime creature
   430 | D        | Reached skill level 10 in Spellcasting
   430 | D        | Reached skill level 10 in Hexes
   430 | D        | Reached XP level 7. HP: 32/32 MP: 18/21
   439 | D        | Learned a level 3 spell: Tukima's Dance
   467 | D        | Noticed a centaur warrior
   467 | D        | Noticed a centaur warrior
   468 | D        | Killed a centaur warrior
   468 | D        | Reached XP level 8. HP: 40/40 MP: 21/24
   469 | D        | Killed a centaur warrior
   469 | D        | Reached * piety under Dithmenos
   493 | D        | Noticed a hornet
   496 | D        | Killed a hornet
   496 | D        | Reached XP level 9. HP: 46/46 MP: 26/26
   609 | D        | Noticed an oklob plant
   611 | D        | Killed an oklob plant
   611 | D        | Reached skill level 5 in Fighting
   619 | D        | Reached ** piety under Dithmenos
   619 | D        | Reached skill level 10 in Dodging
   639 | D        | Noticed an unseen horror
   642 | D        | Noticed an unseen horror
   655 | D        | Killed an unseen horror
   979 | D        | Killed an unseen horror
  1110 | D        | Reached *** piety under Dithmenos
  1125 | D        | Reached XP level 10. HP: 53/53 MP: 23/28
  1150 | D        | Reached **** piety under Dithmenos
  1158 | D        | Killed a gargoyle
  1668 | D        | Reached ***** piety under Dithmenos
  2034 | D        | Found Ehiecoh's Antique Weapon Shoppe.
  2034 | D        | Found Binyon's Gadget Shop.
  2034 | D        | Found Unuchaob's Assorted Antiques.
  2036 | D        | Found Quonur's Antique Weapon Emporium.
  2036 | D        | Found Ynkoorr's Assorted Antiques.
  2036 | D        | Found Hiedghin's Book Shoppe.
  2036 | D        | Found Impacw's Book Boutique.
  2036 | D        | Found Yckoic's Assorted Antiques.
  2036 | D        | Found Zakeacw's Weapon Shop.
  2036 | D        | Found Asigeymoom's Armour Shoppe.
  2038 | D        | Bought a wand of digging (6) for 220 gold pieces
  2040 | D        | Found Ustum's Gadget Boutique.
  2041 | D        | Found Latiwy's Antique Armour Emporium.
  2041 | D        | Found Neloes Averph's Weapon Boutique.
  2048 | D        | Found Ismolir's Antique Armour Emporium.
  2065 | D        | Bought the +2 robe "Guvucs" {+Blink rF++ rN+ Str-3} for 401
                  | gold pieces
  2127 | D        | Noticed a deep troll
  2129 | D        | Killed a deep troll
  2141 | D        | Found Vestromea's Armour Emporium.
  2149 | D        | Got a fine hand crossbow
  2150 | D        | Identified the cursed +2 hand crossbow of Traps {freeze,
                  | rC+ MR++} (You found it in the Dungeon)
  2188 | D        | Bought a scroll labeled YQACKY IDGHATH for 25 gold pieces
  2188 | D        | Bought a scroll labeled YQACKY IDGHATH for 25 gold pieces
  2188 | D        | Bought 3 scrolls labeled ZEES PEANUPS for 75 gold pieces
  2188 | D        | Bought a scroll labeled ZEES PEANUPS for 25 gold pieces
  2231 | D        | Noticed Sonja
  2234 | D        | Killed Sonja
  2234 | D        | Reached skill level 10 in Short Blades
  2254 | D        | Found Semmaef's Armour Boutique.
  2321 | D        | Reached ****** piety under Dithmenos
  2321 | D        | Reached skill level 15 in Spellcasting
  2339 | D        | Noticed a lindwurm
  2342 | D        | Killed a lindwurm
  2342 | D        | Reached XP level 11. HP: 59/59 MP: 31/31
  2400 | D        | Reached skill level 15 in Dodging
  2924 | D        | Noticed a 12-headed hydra
  2926 | D        | Killed a 12-headed hydra
  3000 | D        | Noticed a shadow dragon
  3001 | D        | Noticed a golden dragon
  3091 | D        | Noticed a shining eye
  3091 | D        | Noticed a shining eye
  3091 | D        | Noticed a shining eye
  3091 | D        | Noticed a shining eye
  3091 | D        | Noticed a shining eye
  3091 | D        | Noticed a shining eye
  3092 | D        | Noticed a shining eye
  3092 | D        | Noticed a shining eye
  3093 | D        | Killed a shining eye
  3096 | D        | Killed a shining eye
  3097 | D        | Killed a shining eye
  3097 | D        | Reached skill level 10 in Fighting
  3098 | D        | Gained mutation: You tend to lose your temper in combat. [a
                  | shining eye]
  3100 | D        | Found Ybbin's Antique Armour Shoppe.
  3100 | D        | Found Ekhlumud's Food Boutique.
  3100 | D        | Found Zicwij's Food Emporium.
  3100 | D        | Gained mutation: You often lose your temper in combat. [a
                  | shining eye]
  3101 | D        | Found Fistretu's Book Shop.
  3101 | D        | Gained mutation: Your magical capacity is low. (-10% MP) [a
                  | shining eye]
  3109 | D        | Bought Qekumeox's Disquisition on the Voyage for 1085 gold
                  | pieces
  3122 | D        | Learned a level 3 spell: Portal Projectile
  3126 | D        | Learned a level 3 spell: Lesser Beckoning
  3131 | D        | Learned a level 4 spell: Passage of Golubria
  3141 | D        | Killed a shining eye
  3143 | D        | Gained mutation: You are clumsy. (Dex -2) [a shining eye]
  3143 | D        | Gained mutation: You are very clumsy. (Dex -4) [a shining
                  | eye]
  3644 | D        | Found Ebaumu's Magic Scroll Shoppe.
  4250 | D        | HP: 3/62 [golden dragon/bolt of cold (36)]
  4900 | D        | Bought an iron ring for 110 gold pieces
  4994 | D        | Noticed a daeva
  5002 | D        | Killed a daeva
  5038 | D        | Noticed an unseen horror
  5038 | D        | Noticed an unseen horror
  5038 | D        | Noticed an unseen horror
  5038 | D        | Noticed an unseen horror
  5038 | D        | Noticed an unseen horror
  5040 | D        | Killed an unseen horror
  5041 | D        | Killed an unseen horror
  5041 | D        | Reached skill level 5 in Translocations
  5051 | D        | Killed an unseen horror
  5054 | D        | Killed an unseen horror
  5054 | D        | Reached XP level 12. HP: 34/69 MP: 20/30
  5401 | D        | Noticed a fire giant
  5404 | D        | Noticed a fire giant
  5405 | D        | Noticed a fire giant
  5405 | D        | Noticed a fire giant
  5406 | D        | Killed a fire giant
  5408 | D        | Killed a fire giant
  5414 | D        | HP: 1/70 [fire giant/+2 great sword of flaming (6)]
  5415 | D        | Mangled by a fire giant

Levels and vault maps discovered:
D:        dungeon_sprint_1 [red_sonja_temple_1, red_sonja_temple_small_1]

Skill      XL: |  1  2  3  4  5  6  7  8  9 10 11 12 |
---------------+-------------------------------------+-----
Stealth        | 7 10 13 14 15 | 15.3
Spellcasting   | 4 6 7 8 10 11 12 13 15 17 | 17.7
Hexes          | 5 6 8 10 11 12 13 14 | 14.0
Fighting       | 3 4 6 8 10 11 | 11.3
Short Blades   | 4 6 8 11 13 14 | 14.0
Dodging        | 6 9 11 14 17 | 17.9
Translocations | 6 8 |  8.8

Action                   |  1- 3 |  4- 6 |  7- 9 | 10-12 || total
-------------------------+-------+-------+-------+-------++-------
Melee: Dagger            |    11 |     4 |    13 |    37 ||    65
       Rapier            |       |       |       |    70 ||    70
 Cast: Ensorcelled Hiber |       |     1 |     7 |    25 ||    33
       Dazzling Spray    |       |       |       |    16 ||    16
       Confuse           |       |       |       |     4 ||     4
Invok: Shadow Step       |       |       |       |     7 ||     7
Evoke: Wand              |       |       |       |     3 ||     3
  Use: Potion            |     2 |       |       |     2 ||     4
       Scroll            |       |       |     1 |     4 ||     5
 Stab: Sleeping          |     2 |     4 |    10 |    49 ||    65
       Confused          |       |       |       |     3 ||     3
       Invisible         |       |       |       |     1 ||     1
  Eat: Ration            |       |       |       |     1 ||     1
Armor: Robe              |     1 |       |       |       ||     1
Dodge: Dodged            |     4 |       |    12 |    80 ||    96
